 Dungeon Sprint DCSS version 0.17.0-17-ge4ba49f (webtiles) character file.

1100000 Iamburgie the Wrestler (level 13, -8/136 HPs)
             Began as a White Draconian Monk on Nov 11, 2015.
             Was a Believer of Makhleb.
             Mangled by a meat berserker
             ... wielding a +9 battleaxe
              (59 damage)
             ... in the Dungeon (Sprint VIII: "Arena of Blood").
             The game lasted 00:00:33 (11 turns).

Iamburgie the Wrestler (White Draconian Monk)         Turns: 11, Time: 00:00:33

Health: -8/136     AC:  8    Str: 19    XL:     13   Next: 71%
Magic:  13/13      EV: 22    Int: 10    God:    Makhleb [**....]
Gold:   0          SH:  0    Dex: 14    Spells: 0 memorised, 12 levels left

rFire  . . .     SeeInvis .     h - +∞ Axe of Woe
rCold  + . .     Clarity  .     (armour unavailable)
rNeg   . . .     SustAt   .     (shield currently unavailable)
rPois  .         Gourm    .     (helmet restricted)
rElec  .         Spirit   .     (no cloak)
rCorr  .         Warding  .     (no gloves)
rMut   .         NoTele   +     (no boots)
MR     .....                    (no amulet)
Stlth  +++.......               (no ring)
                                (no ring)

@: not resistant to hostile enchantments, fairly stealthy
A: breathe frost, unfitting armour, cold resistance 1, cold-blooded, AC +8
a: Breathe Frost, Minor Destruction, Renounce Religion


You were in the Dungeon.
You worshipped Makhleb.
Makhleb was pleased with you.
You were not hungry.

You visited 1 branch

Inventory:

Hand Weapons
 h - the +∞ Axe of Woe (weapon)
   (You found it in the Dungeon)
Scrolls
 g - a scroll of blinking
Potions
 b - a potion of curing
 c - a potion of heal wounds
 d - a potion of haste
 e - 2 potions of magic
 f - a potion of berserk rage
Comestibles
 a - a bread ration


   Skills:
 + Level 18.4 Fighting
 + Level 2.1 Axes
 + Level 15.7 Dodging
 + Level 7.0 Stealth
 + Level 25.0 Unarmed Combat


You had 12 spell levels left.
You didn't know any spells.

Dungeon Overview and Level Annotations

Branches:
Dungeon (1/1)

Altars:
Makhleb


Innate Abilities, Weirdness & Mutations

You can breathe waves of freezing cold.
You can buffet flying creatures when you breathe cold.
Your icy white scales are hard (AC +8).
Your body does not fit into most forms of armour.
Your flesh is cold resistant.
You are cold-blooded and may be slowed by cold attacks.


Message History

You hear a shout! x5 3 orcs come into view.
The bag of meat shouts! x2
You hear a shout! x5 3 orcs come into view.
The bag of meat shouts! x6
You hit the bag of meat.
You fatally mangle the bag of meat.
You kill the bag of meat!
Makhleb accepts your kill.
Your Fighting skill increases to level 18!
Your Axes skill gained 2 levels and is now at level 2!
Your Dodging skill increases to level 15!
Your Stealth skill increases to level 7!
Your Unarmed Combat skill gained 2 levels and is now at level 25!
You hear a shout! x7
The bag of meat appears out of thin air!
A bag of meat comes into view. It is wielding a +9 war axe.
The bag of meat moves out of view.
The meat berserker hits you with a +9 battleaxe!!!
You die...

. #... ..#
...###... ..###.
........###......
#........_...o..
..... #.....#
......#_)<._#
......#.....#..
#......oO_......
..o...)@###......
...###..O....###.
.. #.....o.#
#....Ooo#
o..ooo...o
........o.o
......o..o.
.o......o..#


You could see 3 meat berserkers and 17 bags of meat.

Vanquished Creatures
  An ogre (D)
  An orc (D)
2 creatures vanquished.

Notes
Turn   | Place    | Note
--------------------------------------------------------------
     0 | D        | Iamburgie the Draconian Monk began the quest for the Orb.
     0 | D        | Reached XP level 1. HP: 19/19 MP: 1/1
     2 | D        | Noticed a meat berserker
     3 | D        | Became a worshipper of Makhleb the Destroyer
     3 | D        | Reached * piety under Makhleb
     3 | D        | Reached ** piety under Makhleb
     6 | D        | Noticed a bag of meat
     6 | D        | Killed a meat berserker
     6 | D        | Reached skill level 17 in Fighting
     6 | D        | Reached skill level 23 in Unarmed Combat
     6 | D        | Reached XP level 2. HP: 22/51 MP: 2/2
     6 | D        | Reached XP level 3. HP: 25/58 MP: 3/3
     6 | D        | Reached XP level 4. HP: 28/66 MP: 4/4
     6 | D        | Reached XP level 5. HP: 30/73 MP: 5/5
     6 | D        | Reached XP level 6. HP: 33/81 MP: 6/6
     6 | D        | Your scales start taking on an icy white colour.
     6 | D        | Gained mutation: Your flesh is cold resistant. [White Draconian growth]
     6 | D        | Reached XP level 7. HP: 35/88 MP: 7/7
     6 | D        | Reached XP level 8. HP: 37/95 MP: 8/8
     6 | D        | Reached XP level 9. HP: 39/102 MP: 9/9
     6 | D        | Reached XP level 10. HP: 42/111 MP: 10/10
     6 | D        | Reached XP level 11. HP: 44/117 MP: 11/11
     6 | D        | Reached XP level 12. HP: 47/125 MP: 12/12
     6 | D        | Reached XP level 13. HP: 49/132 MP: 13/13
     7 | D        | Noticed a bag of meat
     8 | D        | Noticed a bag of meat
     8 | D        | Noticed a bag of meat
     9 | D        | Noticed a bag of meat
     9 | D        | Noticed a bag of meat
     9 | D        | Noticed a bag of meat
     9 | D        | Noticed a bag of meat
     9 | D        | Noticed a meat berserker
     9 | D        | Noticed a meat berserker
     9 | D        | Noticed a bag of meat
    10 | D        | Noticed a bag of meat
    10 | D        | Noticed a bag of meat
    10 | D        | Noticed a bag of meat
    10 | D        | Noticed a meat berserker
    11 | D        | Noticed a bag of meat
    11 | D        | Noticed a bag of meat
    11 | D        | Noticed a bag of meat
    11 | D        | Killed a bag of meat
    11 | D        | Reached skill level 15 in Dodging
    11 | D        | Reached skill level 25 in Unarmed Combat
    11 | D        | Mangled by a meat berserker

Action                   |  1- 3 |  4- 6 |  7- 9 | 10-12 | 13-15 || total
-------------------------+-------+-------+-------+-------+-------++-------
Melee: Executioner's axe |     1 |       |       |       |     1 ||     2
